Map: Catalyst LE

Players

KaasGrater - Winner!

  • Race: Protoss Protoss
  • League: Diamond
  • Spawn Location: 11:00

A.I. 1 (Very Easy)

  • Race: Protoss Protoss
  • Spawn Location: 5:00

VOD

Have the link to the VOD?

Description

Time

  • Played on: Aug. 2, 2018, 1:36 p.m.
  • Length: 5:22
Show
View Real Time Build Order
Export as new Build Order

KaasGrater Protoss - Winner!

Build Orders: Phoenix Opening 

Get SALT Encoding   

  12  0:00  Probe  
  13  0:12  Probe  
  14  0:19  Pylon  
  14  0:24  Probe  
  15  0:33  Probe  
  15  0:41  Gateway, Probe  
  16  0:48  Assimilator  
  17  0:51  Probe  
  18  0:58  Assimilator  
  18  1:03  Probe  
  19  1:15  Probe  
  20  1:19  Gateway  
  20  1:32  Probe  
  21  1:33  Cybernetics Core  
  21  1:42  Pylon  
  21  1:44  Probe  
  22  1:56  Probe  
  22  2:01  Stalker x2  
  23  2:11  Warp Gate  
  27  2:19  Stargate  
  27  2:26  Pylon  
  27  2:41  Stalker x2  
  31  2:56  Phoenix  
  33  3:12  Gateway  
  33  3:17  Phoenix  
  33  3:23  Pylon  
  33  3:24  Pylon  
  35  3:42  Phoenix  
  37  4:07  Phoenix  
  39  4:14  Stalker x2  
  43  4:18  Stalker  
  45  4:41  Stalker x2  
  45  4:43  Zealot  
  51  4:52  Pylon  
  51  5:05  Stalker x2  
  55  5:19  Pylon  
Show
View Real Time Build Order
Export as new Build Order

A.I. 1 (Very Easy) Protoss 

Build Orders:  

Get SALT Encoding   

  12  0:00  Probe  
  13  0:13  Probe  
  14  0:19  Pylon  
  14  0:36  Assimilator  
  14  0:42  Gateway  
  14  0:47  Pylon  
  14  1:15  Assimilator  
  14  1:18  Probe  
  15  1:26  Probe  
  16  1:34  Cybernetics Core, Probe  
  17  1:44  Probe  
  18  1:55  Probe  
  18  2:01  Warp Gate  
  19  2:03  Probe  
  20  2:11  Stalker  
  22  4:35  Stalker  
  22  4:38  Pylon  
  20  4:47  Probe  
  15  5:00  Probe  
  15  5:04  Zealot  
  10  5:08  Probe  
Tags
 
League
Diamond
Matchup
PvP
Spawn Locations
Cross Positions
Add a new tag
Caveats
  • Supply blocks, unpowered buildings, or Contaminate may cause inaccurate times.
  • Supply counts are checked every 10 seconds.